 Dungeon Crawl Stone Soup version 0.20.0-1-g1cb1d84 (webtiles) character file.

300 welfe the Spawn of Chaos (level 6, 0/56 HPs)
             Began as a Deep Dwarf Abyssal Knight on May 27, 2017.
             Was an Initiate of Makhleb.
             Killed from afar by a wretched star (18 damage)
             ... with an orb of energy
             ... created by the touch of Lugonu
             ... in a sewer.
             The game lasted 00:07:38 (2603 turns).

welfe the Spawn of Chaos (DDAK)                     Turns: 2603, Time: 00:07:39

Health: 0/56       AC:  8    Str: 18    XL:     6   Next: 13%
Magic:  9/9        EV:  0    Int: 12    God:    Makhleb [......]
Gold:   165        SH: 13    Dex: 12    Spells: 5/5 levels left

rFire    . . .     SeeInvis .   a - +2 hand axe
rCold    . . .     Gourm    .   k - +1 large shield
rNeg     . . .     Faith    .   d - +0 chain mail
rPois    .         Spirit   .   (no helmet)
rElec    .         Reflect  .   g - +0 cloak
rCorr    .         Harm     .   (no gloves)
MR       .....                  (no boots)
Stlth    ..........             (no amulet)
Regen    0.0/turn               m - -3 ring of evasion (curse)
MPRegen  0.2/turn               (no ring)

@: non-regenerating, very slow
A: damage resistance, heal wounds, slimy green scales 1, [deformed body],
mutation resistance 1, sense surroundings 1, no regeneration
a: Heal Wounds, Renounce Religion


You were in a sewer.
You worshipped Makhleb.
Makhleb was noncommittal.
You were not hungry.

You visited 1 branch of the dungeon, and saw 3 of its levels.
You visited the Abyss 1 time.
You also visited: Sewer.

You collected 165 gold pieces.

Inventory:

Hand Weapons
 a - a +2 hand axe (weapon)
Missiles
 h - 13 poisoned needles
 Q - 98 stones (quivered)
Armour
 d - a +0 chain mail (worn)
 g - a +0 cloak (worn)
 k - a +1 large shield (worn)
Jewellery
 m - a cursed -3 ring of evasion (left hand)
Scrolls
 n - a scroll of fog {unknown}
Potions
 b - 2 potions of heal wounds
 e - 2 potions of invisibility
 i - 2 potions of curing {unknown}
 l - 2 potions of brilliance {unknown}
 o - a potion of might {unknown}
 p - a potion of resistance {unknown}
 q - a potion of haste {unknown}
Comestibles
 c - 2 bread rations
 f - 2 royal jellies
 j - a meat ration


   Skills:
 + Level 3.2 Fighting
 * Level 4.2 Axes
 + Level 3.3 Armour
 - Level 2.1 Dodging
 + Level 1.9 Shields
 * Level 4.7 Invocations


You had 5 spell levels left.
You didn't know any spells.

Dungeon Overview and Level Annotations

Branches:
Dungeon (3/15)

Altars:
Dithmenos
Makhleb
Trog


Innate Abilities, Weirdness & Mutations

You are resistant to damage.
You can heal yourself by infusing magical energy.
You passively map a small area around you.
You do not regenerate.
You are partially covered in slimy green scales. (AC +2)
You are somewhat resistant to further mutation.
[Armour fits poorly on your strangely shaped body.]


Message History

Moving in this stuff is going to be slow.
The wretched star glows turbulently.
The orb of energy hits you!
You take 12 damage, and have 44/56 hp.
MASSIVE DAMAGE!!
You enter the shallow water.
Moving in this stuff is going to be slow.
The wretched star glows turbulently.
You block the orb of energy.
The orb of energy explodes!
The wretched star glows turbulently.
The orb of energy hits you!
You take 11 damage, and have 33/56 hp.
You enter the shallow water.
Moving in this stuff is going to be slow.
The wretched star glows turbulently.
The orb of energy hits you!
* * * LOW HITPOINT WARNING * * *
The wretched star glows turbulently.
The orb of energy hits you!
You die...

, ≈ *##≈.≈≈.≈≈## ≈ ,, *
≈...##≈≈....≈≈.##.. ,
.≈≈≈≈.≈≈≈...≈.≈.≈≈≈** **
#≈≈≈≈≈≈....≈..≈..≈#
#≈≈..*≈........≈≈≈#
#≈.≈≈≈≈.∩.∩.≈.≈≈≈≈#
#≈..≈≈≈≈.....≈.≈..# ####
##≈≈≈≈.≈≈≈.≈.≈≈.≈..# ≈≈≈#####
##..≈.@≈......≈≈≈.≈.
#≈.≈≈≈####...≈##....≈≈≈..##..
≈≈≈###≈≈....≈≈####≈≈≈≈≈..## #.
, #### #≈.≈≈≈≈.≈# ##..≈≈.≈.##
,
≈≈≈###.≈..≈..####≈≈.≈≈≈≈≈≈###
##≈≈≈≈.########..≈≈≈..≈≈..≈.##
≈≈≈##### #.≈≈..#####..≈..#
#### #≈≈..## ##≈.≈.# #.≈≈##
##.≈≈#


You could see a wretched star.

Vault maps used:
D:1:      minmay_arrival_four_houses, minmay_pentomino_w4
D:2:      bloody_trog
D:3:      nicolae_overflow_crystal_walls, nicolae_dithmenos_shadow_blocks,
          gup_sewer_entry_glass, uniq_grinder, uniq_natasha
Sewer:    sewer_co_tree

Notes
Turn   | Place    | Note
-------+----------+-------------------------------------------
     0 | Abyss:1  | welfe the Deep Dwarf Abyssal Knight began the quest for the Orb.
     0 | Abyss:1  | Reached XP level 1. HP: 20/20 MP: 2/2
     0 | D:1      | Escaped the Abyss
   118 | D:1      | Reached * piety under Lugonu
   122 | D:1      | Reached skill level 3 in Invocations
   122 | D:1      | Reached XP level 2. HP: 24/27 MP: 2/4
   312 | D:1      | Reached XP level 3. HP: 15/33 MP: 5/5
   442 | D:1      | Reached skill level 3 in Axes
   828 | D:2      | HP: 6/33 [adder (3)]
   854 | D:2      | Identified a +0 large shield (You found it on level 2 of the Dungeon)
   891 | D:2      | Found a bloodstained altar of Trog.
   961 | D:2      | Identified a ring of evasion (You found it on level 2 of the Dungeon)
   962 | D:2      | Identified a scroll of enchant weapon
   963 | D:2      | Identified a scroll of teleportation
   964 | D:2      | Identified a scroll of enchant armour
   965 | D:2      | Identified 4 scrolls of identify
   965 | D:2      | Identified a potion of mutation
   966 | D:2      | Gained mutation: You are partially covered in slimy green scales. (AC +2) [potion of mutation]
   966 | D:2      | Gained mutation: You are somewhat resistant to further mutation. [potion of mutation]
  1017 | D:2      | Reached ** piety under Lugonu
  1182 | D:2      | Reached XP level 4. HP: 18/40 MP: 6/6
  1197 | D:2      | Identified a +0 chain mail (You found it on level 2 of the Dungeon)
  1202 | D:2      | Identified a +0 cloak (You found it on level 2 of the Dungeon)
  1868 | D:3      | Noticed Natasha
  1872 | D:3      | Identified a scroll of amnesia
  1873 | D:3      | Identified 2 potions of heal wounds
  1874 | D:3      | Identified a potion of agility
  1875 | D:3      | Identified 2 potions of invisibility
  1882 | D:3      | Killed Natasha
  1882 | D:3      | Reached skill level 4 in Invocations
  1953 | D:3      | Noticed Natasha
  1965 | D:3      | Killed Natasha
  1965 | D:3      | Reached skill level 1 in Shields
  2018 | D:3      | Reached XP level 5. HP: 45/48 MP: 8/8
  2106 | D:3      | Noticed Natasha
  2112 | D:3      | Killed Natasha
  2112 | D:3      | Reached skill level 3 in Fighting
  2112 | D:3      | Reached skill level 3 in Armour
  2151 | D:3      | Found a burning altar of Makhleb.
  2159 | D:3      | Fell from the grace of Lugonu
  2159 | D:3      | Became a worshipper of Makhleb the Destroyer
  2232 | D:3      | Found a shadowy altar of Dithmenos.
  2235 | D:3      | Found a glowing drain.
  2243 | D:3      | Reached skill level 4 in Axes
  2264 | Sewer    | Entered a sewer
  2448 | Sewer    | Reached skill level 2 in Dodging
  2448 | Sewer    | Reached XP level 6. HP: 47/56 MP: 9/9
  2526 | Sewer    | Noticed a wretched star
  2535 | Sewer    | HP: 13/56 [wretched star/orb of energy[the touch of Lugonu] (10)]
  2603 | Sewer    | Killed from afar by a wretched star

Table legend:
 A = Turns spent in this place as a percentage of turns spent in the entire game.
 B = Non-inter-level travel turns spent in this place as a percentage of non-inter-level travel turns spent in the entire game.
 C = Inter-level travel turns spent in this place as a percentage of turns spent in this place.
 D = Turns resting spent in this place as a percentage of non-inter-level travel turns spent in this place.
 E = Turns spent auto-exploring this place as a percentage of non-inter-level travel turns spent in this place.
 F = Non-inter-level travel turns spent in this place divided by the number of levels of this place that you've seen.
                   A       B       C       D       E      F
               +-------+-------+-------+-------+-------+----------------------
         Total | 100.0 | 100.0 |   0.2 |   0.7 |   8.9 | 181.6
       Dungeon |  82.1 |  82.0 |   0.3 |   0.5 |  10.1 | 248.3
         Abyss |   0.1 |   0.1 |   0.0 |   0.0 |   0.0 |   1.0
         Sewer |  17.8 |  17.8 |   0.0 |   1.2 |   3.7 | 162.0
               +-------+-------+-------+-------+-------+----------------------

Table legend:
 A = Kills in this place as a percentage of kills in entire the game.
 B = Kills by you in this place as a percentage of kills by you in the entire game.
 C = Kills by friends in this place as a percentage of kills by friends in the entire game.
 D = Other kills in this place as a percentage of other kills in the entire game.
 E = Experience gained in this place as a percentage of experience gained in the entire game.
 F = Experience gained in this place divided by the number of levels of this place that you have seen.
                   A       B       C       D       E      F
               +-------+-------+-------+-------+-------+----------------------
         Total | 100.0 | 100.0 |  -nan |  -nan | 100.0 |  85.8
       Dungeon |  86.7 |  86.7 |  -nan |  -nan |  68.3 |  97.7
         Sewer |  13.3 |  13.3 |  -nan |  -nan |  31.7 | 136.0
               +-------+-------+-------+-------+-------+----------------------

Skill      XL: |  1  2  3  4  5 |
---------------+----------------+-----
Invocations    | 3 4 |  4.7
Axes           | 3 4 |  4.2
Shields        | 1 |  1.9
Fighting       | 3 |  3.2
Armour         | 3 |  3.3
Dodging        | 2 |  2.1

Action                   |  1- 3 |  4- 6 || total
-------------------------+-------+-------++-------
Melee: Hand axe          |   126 |   174 ||   300
Invok: Depart the Abyss  |     1 |       ||     1
 Abil: Heal Wounds       |     1 |     2 ||     3
  Use: Scroll            |     4 |     5 ||     9
       Potion            |     1 |     2 ||     3
  Eat: Chunk             |     1 |     4 ||     5
       Bread ration      |       |     1 ||     1
Armor: Leather armour    |    41 |       ||    41
       Chain mail        |       |    92 ||    92
Dodge: Dodged            |    76 |     2 ||    78
Block: Large shield      |    17 |   116 ||   133

Vanquished Creatures
  A big kobold (Sewer)
  Natasha (thrice) (D:3)
  5 adders
  5 oozes
  4 worms
  2 dart slugs
  A leopard gecko (D:1)
  4 ball pythons
  4 giant cockroaches
  8 goblins
  10 hobgoblins
  3 jackals (D:2)
  8 bats
  4 frilled lizards
  14 kobolds
  7 rats
83 creatures vanquished.
